 Dungeon Crawl Stone Soup version 0.32-a0-675-gdc239d62e1 (webtiles) character file.

Game seed: 12306682327173824856

15322064 gimp the Archmage (level 27, 174/174 HPs)
             Began as a Vampire Earth Elementalist on Mar 11, 2024.
             Was the Champion of Vehumet.
             Escaped with the Orb
             ... and 15 runes!
             The game lasted 04:54:52 (102585 turns).

gimp the Archmage (Vampire Earth Elementalist)    Turns: 102585, Time: 04:54:52

Health: 174/174    AC: 28    Str: 12      XL:     27
Magic:  46/57      EV: 30    Int: 37 (38) God:    Vehumet [******]
Gold:   12582      SH: 21    Dex: 23      Spells: 10/80 levels left

rFire   + + +        a - staff of the Saviour {rN+ Int+2 Stlth- Necro Ice}
rCold   + + +        W - +5 kite shield {AC+3}
rNeg    + + +        N - +7 ring mail of the Ghostly God {rF+ rCorr}
rPois   ∞            M - +0 helmet "Siuskiergh" {rElec Will+ Str+5 Dex-3}
rElec   +            o - +0 cloak of the Untouchables {rC+ Int+5}
rCorr   +            k - +2 pair of gloves of Mumblety Peg {rF+ Int+3}
SInv    +            D - +2 pair of boots
Will    +++..        Q - amulet of Sophism {rElec RegenMP+ Int-2 Dex+4}
Stlth   +            t - ring of Yffexkyr {rCorr MP+9 Dex+6}
HPRegen 0.00/turn    H - ring of protection from fire
MPRegen 0.75/turn

%: no passive effects
@: bloodless, inhibited regen, studying 2 skills
A: bloodless, fangs 3, see invisible, vampiric 2, deterioration 1, frail 1, low
MP 1, mutation resistance 1
0: Orb of Zot
}: 15/15 runes: serpentine, barnacled, slimy, silver, golden, iron, obsidian,
icy, bone, abyssal, demonic, glowing, magical, fiery, dark
a: Bat Form, Revivify, Renounce Religion


You escaped.
You worshipped Vehumet.
Vehumet was exalted by your worship.
You visited 18 branches of the dungeon, and saw 88 of its levels.
You visited Pandemonium 1 time, and saw 20 of its levels.
You visited the Abyss 1 time.
You also visited: Ice Cave, Wizlab and Desolation.

You collected 17572 gold pieces.
You spent 4990 gold pieces at shops.

Inventory:

Hand Weapons
 c - the +2 trident of Extermination {heavy, Int+8}
   (You found it on level 10 of the Dungeon)

   Int+8:     It affects your intelligence (+8).
Missiles
 q - 21 curare-tipped darts
 s - 4 throwing nets
Armour
 k - the +2 pair of gloves of Mumblety Peg (worn) {rF+ Int+3}
   (You found it on level 4 of the Vaults)

   Int+3:     It affects your intelligence (+3).
   rF+:       It protects you from fire.
 o - the +0 cloak of the Untouchables (worn) {rC+ Int+5}
   (You found it in a wizard's laboratory)

   Int+5:     It affects your intelligence (+5).
   rC+:       It protects you from cold.
 D - a +2 pair of boots (worn)
 M - the +0 helmet "Siuskiergh" (worn) {rElec Will+ Str+5 Dex-3}
   (You found it in an ice cave)

   Str+5:     It affects your strength (+5).
   Dex-3:     It affects your dexterity (-3).
   rElec:     It insulates you from electricity.
   Will+:     It increases your willpower.
 N - the +7 ring mail of the Ghostly God (worn) {rF+ rCorr}
   (You took it off a salamander on level 4 of the Snake Pit)

   rF+:       It protects you from fire.
   rCorr:     It protects you from acid and corrosion.
 V - a +2 robe of willpower
 W - a +5 kite shield of protection (worn)
Magical Staves
 a - the staff of the Saviour (weapon) {rN+ Int+2 Stlth- Necro Ice}
   (You found it in Pandemonium)

   [staff of death]

   Base accuracy: +5 Base damage: 5 Base attack delay: 1.2 This weapon's minimum
   attack delay (0.6) is reached at skill level 12.
   Int+2:     It affects your intelligence (+2).
   rN+:       It protects you from negative energy.
   Stlth-:    It makes you less stealthy.
   Necro:     It increases the power of your Necromancy spells.
   Ice:       It increases the power of your Ice spells.
   It falls into the 'Staves' category.
   It is a one-handed weapon.
 b - the staff "Suzeihe" {Fly rElec rN+ rCorr Stlth+ Air}
   (You found it in Pandemonium)

   [staff of air]

   Base accuracy: +5 Base damage: 5 Base attack delay: 1.2 This weapon's minimum
   attack delay (0.6) is reached at skill level 12.
   rElec:     It insulates you from electricity.
   rN+:       It protects you from negative energy.
   Fly:       It grants you flight.
   rCorr:     It protects you from acid and corrosion.
   Stlth+:    It makes you more stealthy.
   Air:       It increases the power of your Air spells.
   It falls into the 'Staves' category.
   It is a one-handed weapon.
Jewellery
 t - the ring of Yffexkyr (left hand) {rCorr MP+9 Dex+6}
   (You took it off a yaktaur on level 5 of the Vaults)

   [ring of dexterity]

   Dex+6:     It affects your dexterity (+6).
   MP+9:      It affects your magic capacity (+9).
   rCorr:     It protects you from acid and corrosion.
 H - a ring of protection from fire (right hand)
 O - the ring of Aluq {rN+ Str+6 Dex+2}
   (You found it in the Desolation of Salt)

   [ring of strength]

   Str+6:     It affects your strength (+6).
   Dex+2:     It affects your dexterity (+2).
   rN+:       It protects you from negative energy.
 Q - the amulet of Sophism (around neck) {rElec RegenMP+ Int-2 Dex+4}
   (You found it in the Desolation of Salt)

   [amulet of magic regeneration]

   It increases your rate of magic regeneration.
   Int-2:     It affects your intelligence (-2).
   Dex+4:     It affects your dexterity (+4).
   rElec:     It insulates you from electricity.
   RegenMP+:  It increases your rate of magic regeneration.
 U - a ring of flight
Wands
 v - a wand of mindburst (78)
 z - a wand of flame (228)
 J - a wand of digging (75)
 K - a wand of light (34)
 L - a wand of charming (109)
 Z - a wand of roots (36)
Scrolls
 f - 25 scrolls of teleportation
 i - 8 scrolls of immolation
 m - 18 scrolls of vulnerability
 p - 9 scrolls of fear
 w - 3 scrolls of torment
 x - 2 scrolls of blinking
 C - 6 scrolls of poison
 E - 4 scrolls of amnesia
 F - 2 scrolls of enchant armour
 G - 7 scrolls of fog
 I - 4 scrolls of summoning
 Y - 3 scrolls of revelation
Potions
 d - 10 potions of enlightenment
 e - 3 potions of magic
 g - 4 potions of heal wounds
 j - 16 potions of brilliance
 l - 8 potions of haste
 n - 34 potions of curing
 r - a potion of cancellation
 u - 8 potions of mutation
 A - 4 potions of invisibility
 B - 9 potions of ambrosia
 S - 4 potions of resistance
Miscellaneous
 h - a figurine of a ziggurat
 y - a phantom mirror
 P - a lightning rod (4/4)
 T - a sack of spiders
 X - the horn of Geryon


   Skills:
 O Level 27 Fighting
 + Level 13.4 Armour
 O Level 27 Dodging
 - Level 3.0 Stealth
 + Level 18.7 Shields
 O Level 27 Spellcasting
 - Level 3.0 Conjurations
 - Level 8.8 Hexes
 - Level 5.0 Translocations
 - Level 9.0 Fire Magic
 - Level 24.1 Ice Magic
 - Level 15.3 Air Magic
 - Level 24.0 Earth Magic
 - Level 8.0 Alchemy
 - Level 15.0 Evocations


You had 10 spell levels left.
You knew the following spells:

 Your Spells              Type           Power      Damage    Failure   Level
a - Bombard               Conj/Erth      49%        9d8       1%          6
b - Maxwell's Capacitive  Air            52%        ∞         3%          8
c - Passwall              Erth           100%       N/A       0%          3
d - Shatter               Erth           61%        3d46*     1%          9
e - Plasma Beam           Fire/Air       48%        2x1d62    1%          6
f - Irradiate             Conj/Alch      37%        3d24      1%          5
h - Ozocubu's Refrigerat  Ice            74%        4d23      1%          7
i - Fireball              Conj/Fire      38%        3d16      1%          5
j - Yara's Violent Unrav  Hex/Alch       42%        3d17      1%          5
k - Apportation           Tloc           100%       N/A       1%          1
l - Polar Vortex          Ice            74%        12d9*     1%          9
m - Blink                 Tloc           100%       N/A       1%          2
n - Iskenderun's Mystic   Conj/Tloc      68%        2d14      1%          4

Your spell library contained the following spells:

 Spells                   Type           Power      Damage    Failure   Level
 Fire Storm               Conj/Fire      38%        8d10      100%        9
 Sandblast                Erth           100%       2d20      0%          1
 Ensorcelled Hibernation  Hex/Ice        100%       N/A       0%          2
 Mercury Vapours          Alch/Air       100%       N/A       0%          2
 Frozen Ramparts          Ice            100%       1d16      0%          3
 Hailstorm                Conj/Ice       100%       3d16      0%          3
 Ozocubu's Armour         Ice            100%       N/A       0%          3
 Stone Arrow              Conj/Erth      100%       3d13      0%          3
 Swiftness                Air            100%       N/A       0%          3
 Airstrike                Air            52%        2d(8-24)  0%          4
 Leda's Liquefaction      Alch/Erth      53%        N/A       0%          4
 Petrify                  Alch/Erth      100%       N/A       0%          4
 Lee's Rapid Deconstruct  Erth           61%        3d28*     0%          5
 Foxfire                  Conj/Fire      100%       2x1d9     1%          1
 Kiss of Death            Conj/Necr      100%       2d13      1%          1
 Magic Dart               Conj           100%       1d8       1%          1
 Necrotise                Necr           100%       1d9       1%          1
 Slow                     Hex            100%       N/A       1%          1
 Summon Small Mammal      Summ           100%       N/A       1%          1
 Call Imp                 Summ           98%        N/A       1%          2
 Cigotuvi's Dreadful Rot  Necr/Alch/Air  100%       N/A       1%          2
 Jinxbite                 Hex            100%       N/A       1%          2
 Lesser Beckoning         Tloc           100%       N/A       1%          2
 Momentum Strike          Conj/Tloc      100%       3d10      1%          2
 Scorch                   Fire           100%       2d9       1%          2
 Static Discharge         Conj/Air       100%       3-8/arc   1%          2
 Sublimation of Blood     Necr           66%        N/A       1%          2
 Confusing Touch          Hex            86%        N/A       1%          3
 Dazzling Flash           Conj/Hex       100%       N/A       1%          3
 Gell's Gravitas          Tloc           72%        N/A       1%          3
 Mephitic Cloud           Conj/Alch/Air  86%        N/A       1%          3
 Sigil of Binding         Hex            86%        N/A       1%          3
 Teleport Other           Tloc           72%        N/A       1%          3
 Tukima's Dance           Hex            86%        N/A       1%          3
 Volatile Blastmotes      Fire/Tloc      100%       2d18      1%          3
 Anguish                  Hex/Necr       45%        N/A       1%          4
 Animate Armour           Summ/Erth      100%       N/A       1%          4
 Brom's Barrelling Bould  Conj/Erth      99%        2d11      1%          4
 Dimensional Bullseye     Hex/Tloc       39%        N/A       1%          4
 Flame Wave               Conj/Fire      76%        2d17      1%          4
 Ignite Poison            Fire/Alch      85%        N/A       1%          4
 Olgreb's Toxic Radiance  Alch           83%        N/A       1%          4
 Passage of Golubria      Tloc           72%        N/A       1%          4
 Sticky Flame             Fire/Alch      85%        2d13      1%          4
 Summon Blazeheart Golem  Fire/Summ      70%        N/A       1%          4
 Summon Lightning Spire   Summ/Air       82%        N/A       1%          4
 Vhi's Electric Charge    Tloc/Air       100%       N/A       1%          4
 Alistair's Intoxication  Alch           55%        N/A       1%          5
 Arcjolt                  Conj/Air       43%        1d53      1%          5
 Borgnjor's Vile Clutch   Necr/Erth      59%        N/A       1%          5
 Freezing Cloud           Conj/Ice/Air   62%        6-21      1%          5
 Metabolic Englaciation   Hex/Ice        65%        N/A       1%          5
 Silence                  Hex/Air        48%        N/A       1%          5
 Conjure Ball Lightning   Conj/Air       43%        3x3d15    1%          6
 Eringya's Noxious Bog    Alch           41%        4d6       1%          6
 Sculpt Simulacrum        Ice/Alch       65%        N/A       1%          6
 Iskenderun's Battlesphe  Conj           64%        2d11      2%          5
 Call Canine Familiar     Summ           49%        N/A       3%          3
 Fugue of the Fallen      Necr           66%        N/A       3%          3
 Vampiric Draining        Necr           66%        2d10      3%          3
 Starburst                Conj/Fire      38%        6d11      4%          6
 Animate Dead             Necr           66%        N/A       11%         4
 Dispel Undead            Necr           66%        3d23      11%         4
 Martyr's Knell           Necr/Summ      66%        N/A       11%         4
 Summon Forest            Summ/Tloc      31%        N/A       11%         5
 Dispersal                Tloc           36%        N/A       21%         6
 Enfeeble                 Hex            43%        N/A       24%         7
 Curse of Agony           Necr           66%        N/A       28%         5
 Ignition                 Fire           43%        3d12      38%         8
 Orb of Destruction       Conj           32%        9d10      52%         7
 Spellforged Servitor     Conj/Summ      28%        N/A       71%         7
 Death Channel            Necr           33%        N/A       85%         6
 Summon Cactus Giant      Summ           24%        N/A       85%         6
 Discord                  Hex            43%        N/A       88%         8
 Malign Gateway           Summ/Tloc      31%        N/A       97%         7
 Haunt                    Necr/Summ      33%        N/A       100%        7
 Summon Hydra             Summ           24%        N/A       100%        7
 Disjunction              Tloc           36%        N/A       100%        8
 Summon Horrible Things   Summ           24%        N/A       100%        8
 Dragon's Call            Summ           24%        N/A       100%        9


Dungeon Overview and Level Annotations

Branches:
Dungeon (15/15)            Temple (1/1) D:6            Lair (5/5) D:8
 Shoals (4/4) Lair:2        Snake (4/4) Lair:3        Slime (5/5) Lair:5
    Orc (2/2) D:9             Elf (3/3) Orc:2        Vaults (5/5) D:13
  Crypt (3/3) Vaults:2       Tomb (3/3) Crypt:3      Depths (4/4) D:15
   Hell (visited)             Dis (7/7) Hell            Geh (7/7) Hell
    Coc (7/7) Hell            Tar (7/7) Hell            Zot (5/5) Depths:4
  IceCv (visited)          WizLab (visited)         Desolation (visited)

Altars:
Ashenzari
Cheibriados
Dithmenos
Fedhas
Gozag
Hepliaklqana
Kikubaaqudgha
Makhleb
Nemelex Xobeh
Okawaru
Qazlal
Ru
Sif Muna
Trog
Uskayaw
Vehumet
Wu Jian
Xom
Yredelemnul
Beogh
Jiyva
Lugonu

Shops:
D:6 !   D:10 *   D:11 *   Orc:2 !(?*   Elf:1 [   Shoals:2 [   Shoals:4 :=(*
Snake:2 :   Snake:4 !   Vaults:1 *   Vaults:2 [   Vaults:3 :   Vaults:4 [
Depths:1 *   Depths:2 =

Portals:
Hell: Depths:1 Depths:2 Depths:3 Depths:4
Abyss: Lair:5 Shoals:2 Depths:2 Depths:3
Pandemonium: Orc:2 Depths:1 Depths:2 Depths:3
Ziggurat: Depths:4
Trove: D:10 (give 3 scrolls of blinking)

Annotations:
D:2 Terence
D:4 1 runed translucent door, exclusion: door
D:8 Psyche
Shoals:1 Roxanne
Shoals:2 1 runed translucent door, exclusion: door
Shoals:3 3 runed translucent doors, exclusion: 3 doors, Eluacum's ghost, adept TrSh
Snake:3 3 runed translucent doors, exclusion: 3 doors, Saint Roka; pisaster's ghost, adept BaBr
Elf:2 3 runed translucent doors, exclusion: 3 doors
Coc:7 exclusions: ice statue and 1 more exclusion
Tar:3 36 runed translucent doors
Tar:7 Ereshkigal
Zot:5 6 transporters


Innate Abilities, Weirdness & Mutations

You do not regenerate when monsters are visible.
You are frail without blood (-20% HP).
You can heal yourself when you bite living creatures.
You are immune to poison.
You have razor-sharp teeth.
You have supernaturally acute eyesight. (SInv)
You are afflicted with vampirism and can become a bat while bloodless.
Your body sometimes deteriorates upon taking damage.
You are frail. (-10% HP)
Your magical capacity is low. (-10% MP)
You are somewhat resistant to further mutation.


Message History

There is a stone staircase leading up here.
You climb upwards.
Level annotation: Terence
There is a stone staircase leading down here.
A Mummigg, a lich, a hellwing and a soul eater come into view.
MP restored: 57
Casting: Shatter (dangerous; 1% risk of failure)
Confirm with . or Enter, or press ? or * to list all spells.
The dungeon rumbles!
The hellwing is severely wounded.
The soul eater is moderately wounded.
The lich is severely damaged.
Ka-crash!
You hear a loud squeak.
You now have 48/57 mp.
Mummigg gestures.
You see here a +0 halberd.
You feel yourself speed up.
The lich gestures wildly while chanting.
The lich seems to speed up.
Things that are here:
a +0 whip; a gnoll skeleton
Casting: Shatter (dangerous; 1% risk of failure)
Confirm with . or Enter, or press ? or * to list all spells.
You feel a surge of power!
A great freezing vortex appears and lifts you up.
You now have 42/57 mp.
The lich attacks as it pursues you! You block the lich's attack.
You kill the soul eater!
Vehumet accepts your kill.
You destroy the lich!
Vehumet accepts your kill.
A large abomination comes into view.
The winds around you start to calm down.
You float gracefully downwards.
You are engulfed in whirling frost.
You are engulfed in whirling frost.
Casting: Polar Vortex (dangerous; 1% risk of failure)
Confirm with . or Enter, or press ? or * to list all spells.
The dungeon rumbles!
Ka-crash!
You now have 40/57 mp.
The winds around you calm down.
The bolt of lightning hits the hellwing!!
You kill the hellwing!
Vehumet accepts your kill.
You feel your power returning.
You hear a shout!
You now have 38/57 mp.
Casting: Plasma Beam (mildly dangerous; 1% risk of failure)
Confirm with . or Enter, or press ? or * to list all spells.
The dungeon rumbles!
Ka-crash!
You now have 30/57 mp.
Casting: Shatter (dangerous; 1% risk of failure)
Confirm with . or Enter, or press ? or * to list all spells.
The dungeon rumbles!
Ka-crash!
You now have 22/57 mp.
Casting: Shatter (dangerous; 1% risk of failure)
Confirm with . or Enter, or press ? or * to list all spells.
Aiming: Passwall (safe; 0% risk of failure)
Press: ? - help, Dir - move target A rock wall.
This square is covered in magical glow.
This rock feels extremely deep.
A hell beast comes into view.
You now have 21/57 mp.
Unknown command.
Unknown command.
Casting: Passwall (safe; 0% risk of failure)
Confirm with . or Enter, or press ? or * to list all spells.
Aiming: Passwall (safe; 0% risk of failure)
Press: ? - help, Dir - move target A rock wall.
This square is covered in magical glow.
This rock feels extremely deep.
You now have 18/57 mp.
Unknown command.
Casting: Passwall (safe; 0% risk of failure)
Confirm with . or Enter, or press ? or * to list all spells.
Aiming: Passwall (safe; 0% risk of failure)
Press: ? - help, Dir - move target A rock wall.
This square is covered in magical glow.
You begin to meditate on the wall.
You continue meditating on the rock. x2
Your extra speed is starting to run out.
You block the hell beast's attack. The hell beast misses you.
You continue meditating on the rock.
The hell beast bites you but does no damage.
You block the hell beast's attack.
You continue meditating on the rock.
You block the hell beast's attack. The hell beast completely misses you.
You finish merging with the rock.
Unknown command.
There is a stone staircase leading up here.
You climb upwards.
There is a stone staircase leading down here.
Okay, then.
You feel yourself slow down.
A Tzitzimitl comes into view.
You regained 23 mp, and now have 44/57 mp.
There is a staircase leading out of the dungeon here.
You have escaped!

#.####### #.# #.#
#.################
#.#>.............#
#.#..ß..ß..ß..ß..#
#................#
#.#..............#
#.#>............@#
#............1...#
##...............#
##..ß..ß..ß..ß..#
#>.............#
################


You could see a Tzitzimitl.

Vanquished Creatures
  Cerebov (Pan)
  Antaeus (Coc:7)
  Asmodeus (Geh:7)
  the Royal Jelly (Slime:5)
  Gloorx Vloq (Pan)
  Lom Lobon (Pan)
  Mnoleg (Pan)
  9 pandemonium lords
  Ignacio (Pan)
  4 dread liches
  Khufu (Tomb:1)
  5 ancient liches
  Mennas (Crypt:2)
  6 orbs of fire (Zot:5)
  5 juggernauts
  27 royal mummies
  Parghit (Zot:1)
  Josephina (Crypt:1)
  Bai Suzhen (Shoals:4)
  5 Killer Klowns (Zot:5)
  4 shard shrikes
  Margery (Crypt:2)
  A curse toe (Zot:5)
  33 caustic shrikes
  Geryon (Hell)
  Nikola (Shoals:4)
  Norris (Elf:1)
  5 profane servitors
  10 golden dragons
  22 Brimstone Fiends
  14 bone dragons
  14 Tzitzimimeh
  5 iron giants
  Jorgrun (D:12)
  9 tentacled monstrosities
  4 electric golems
  9 doom hounds
  A spectral shard shrike (Tar:3)
  14 Hell Sentinels
  26 Ice Fiends
  A walking earthen tome (Depths:3)
  11 liches
  19 tainted leviathans
  15 hellephants
  A deep elf blademaster (Elf:3)
  25 Orb Guardians (Zot:5)
  12 titans
  A walking frostbound tome (Depths:1)
  25 acid blobs
  2 deep elf master archers (Elf:3)
  17 searing wretches
  12 sphinxes
  Polyphemus (Shoals:2)
  7 quicksilver dragons
  9 death cobs
  2 eldritch tentacles (WizLab)
  Frances (Shoals:2)
  2 tentacled starspawn
  Agnes (Snake:4)
  34 ancient champions
  28 Executioners
  Kirke (D:13)
  5 tengu reavers
  8 nagarajas
  Aizul (Shoals:4)
  4 shadow dragons
  18 storm dragons
  3 daevas (Depths:2)
  25 narguns
  20 vault wardens
  12 rockslimes
  Donald (Shoals:2)
  A fenstrider witch (Pan)
  8 protean progenitors
  18 draconian shifters
  10 quicksilver elementals
  17 frost giants
  5 revenants
  20 azure jellies
  24 fire giants
  7 draconian knights
  10 demonspawn warmongers (Pan)
  7 iron dragons
  9 deep elf sorcerers
  41 balrugs
  7 ghost moths
  Louise (Shoals:4)
  2 imperial myrmidons (Desolation)
  A spectral juggernaut (Tar:1)
  4 deep elf elementalists (Elf:3)
  8 shard shrike simulacra
  6 curse skulls
  30 reapers
  6 draconian scorchers
  An orc warlord (Vaults:4)
  8 draconian annihilators
  2 ghouls
  15 cacodemons (Pan)
  5 demonspawn blood saints (Pan)
  9 quicksilver oozes
  5 spectral caustic shrikes
  A broodmother (Zot:5)
  2 formless jellyfish
  22 stone giants
  11 demonspawn corrupters (Pan)
  18 very ugly things
  3 draconian stormcallers
  7 juggernaut skeletons
  18 ironbound preservers
  A spriggan defender (Depths:1)
  3 caustic shrike skeletons
  4 demonspawn black suns (Pan)
  4 ironbound thunderhulks
  A spectral titan (Tar:5)
  6 deep elf demonologists
  18 green draconians
  13 vampire knights
  18 elemental wellsprings
  36 war gargoyles
  14 black draconians
  20 wendigos
  23 putrid mouths
  4 bennus (Tomb:1)
  10 deep elf annihilators
  4 lorocyprocas
  11 purple draconians
  10 dire elephants
  11 yellow draconians
  8 deep elf death magi
  2 pale draconians (Depths:4)
  8 spark wasps
  10 red draconians
  Azrael (Orc:2)
  15 iron golems
  8 white draconians
  7 eidola
  4 merfolk impalers
  18 ettins
  19 blizzard demons
  7 crystal guardians
  17 green deaths (Pan)
  Snorg (D:14)
  2 spectral quicksilver dragons
  7 merfolk javelineers
  19 mummy priests
  2 entropy weavers
  4 great orbs of eyes
  11 ragged hierophants (Desolation)
  7 deep elf high priests
  9 jiangshi
  15 yaktaur captains
  12 fire dragons
  33 vault guards
  11 hell beasts
  5 servants of whispers (Desolation)
  Fannar (D:11)
  5 rakshasas
  4 spriggan air magi
  12 peacekeepers
  12 salamander tyrants
  2 spectral spriggans
  15 caustic shrike simulacra
  A fenstrider witch skeleton (Crypt:3)
  5 ice dragons
  3 demonspawn (Orc:2)
  5 ogre magi
  6 hydras
  22 anacondas
  3 catoblepae
  14 ironbound frosthearts
  2 merfolk avatars
  3 jorogumos (Pan)
  13 centaur warriors
  5 death knights
  4 merfolk aquamancers
  5 boulder beetles
  A spectral stone giant (Tar:2)
  9 two-headed ogres
  12 dancing weapons
  An alligator snapping turtle (Shoals:4)
  11 deep troll shamans
  64 death scarabs
  5 satyrs
  5 juggernaut simulacra
  9 tengu warriors
  7 stokers
  2 death yaks (Shoals:2)
  A two-headed ogre (shapeshifter) (Vaults:5)
  Urug (Lair:5)
  27 hell hogs
  9 vampire magi
  3 spectral nagas
  10 deep troll earth magi
  6 holy swine (Pan)
  5 spectral dire elephants
  13 demonic crawlers (Pan)
  3 spectral emperor scorpions (Pan)
  7 spriggan berserkers
  4 thrashing horrors
  50 sun demons
  9 deep elf knights
  17 naga warriors
  An occultist (Depths:2)
  15 naga sharpshooters
  50 soul eaters
  9 shock serpents
  9 crystal echidnas
  10 hell knights
  A spectral spark wasp (Depths:2)
  Sonja (Lair:3)
  A hellephant skeleton (Pan)
  9 orc high priests
  3 salamander mystics
  2 titan skeletons
  A wretched star (Abyss:3)
  30 skeletal warriors
  Amaemon (Lair:1)
  5 iron trolls
  25 sixfirhies
  A storm dragon skeleton (Hell)
  23 shadow wraiths
  2 bunyip zombies (Crypt:1)
  A deep troll (shapeshifter) (Depths:4)
  10 skysharks
  2 spatial maelstroms
  2 anaconda zombies
  An orb spider (shapeshifter) (D:14)
  60 deep trolls
  4 glowing orange brains
  A sea snake (shapeshifter) (Depths:3)
  3 orb spiders (WizLab)
  6 arcanists
  11 mana vipers
  2 bog bodies (Crypt:2)
  3 quicksilver dragon simulacra
  10 sea snakes
  7 naga ritualists
  9 flayed ghosts
  3 anaconda skeletons
  3 cherubim (Depths:2)
  A bunyip skeleton (Hell)
  12 sun moths (Pan)
  16 shadow demons (Pan)
  An orange crystal statue (IceCv)
  6 deep elf archers
  A swamp dragon (shapeshifter) (Vaults:5)
  A glowing orange brain (shapeshifter) (Depths:1)
  11 harpies
  17 necromancers
  5 spriggan simulacra
  13 orc knights
  3 swamp dragons (Depths:4)
  A fenstrider witch simulacrum (Coc:2)
  6 deep elf zephyrmancers
  A steelbarb worm (shapeshifter) (D:13)
  15 large abominations
  2 obsidian statues (WizLab)
  7 phantasmal warriors
  2 thermic dynamos (Elf:3)
  A wolf spider (Vaults:3)
  13 ironbound convokers
  6 orc sorcerers
  5 starcursed masses
  13 deep elf pyromancers
  8 manticores
  An alligator zombie (Hell)
  A tengu skeleton (Vaults:1)
  53 ugly things
  6 lindwurms
  7 shining eyes
  2 spectral ettins (Tar:1)
  2 shadow dragon skeletons
  A worldbinder (WizLab)
  A stone giant zombie (Tomb:1)
  A moth of wrath (shapeshifter) (D:13)
  36 fauns
  An alligator skeleton (WizLab)
  17 salamanders
  A spectral centaur (Tar:1)
  8 cyclopes
  22 moths of wrath
  A naga zombie (Tomb:3)
  17 naga magi
  5 ice statues
  6 merfolk sirens
  4 rust devils
  Joseph (D:9)
  9 elephants
  A torpor snail (shapeshifter) (WizLab)
  3 water nymphs
  A draconian skeleton (Crypt:1)
  3 kobold blastminers (Orc:2)
  2 dire elephant zombies (Crypt:3)
  34 black mambas
  20 vault sentinels
  3 apocalypse crabs
  19 guardian serpents
  76 smoke demons
  12 molten gargoyles
  5 titan simulacra
  13 eyes of devastation
  29 hellions
  A mana viper zombie (Crypt:2)
  13 orange demons
  A naga skeleton (Tomb:3)
  2 gargoyles
  12 cane toads
  2 bunyip simulacra
  22 rime drakes
  A sea snake zombie (Hell)
  A spark wasp simulacrum (Depths:1)
  A centaur skeleton (Tomb:3)
  30 yaktaurs
  4 unseen horrors
  27 tormentors
  3 ice devils
  10 efreet
  An alligator snapping turtle skeleton (Hell)
  2 kobold demonologists
  51 guardian mummies
  20 freezing wraiths
  9 trolls
  9 anaconda simulacra
  A golden dragon simulacrum (Coc:3)
  3 red devils (Pan)
  A sea snake skeleton (Hell)
  3 spectral harpies
  7 komodo dragons
  3 human skeletons
  4 hydra zombies (Hell)
  17 polar bears
  3 tengu conjurers
  A tyrant leech (Zot:3)
  3 harpy zombies
  3 iron giant simulacra
  28 hellwings
  A tengu simulacrum (Vaults:3)
  18 merfolk
  A shadow dragon simulacrum (Hell)
  4 wind drakes
  A queen bee (D:9)
  10 hornets
  A merfolk (shapeshifter) (Vaults:5)
  2 raiju
  A queen bee (shapeshifter) (Lair:5)
  15 snapping turtles
  A wolf spider simulacrum (D:15)
  6 glass eyes
  6 dream sheep
  6 harpy skeletons
  A snapping turtle (shapeshifter) (Vaults:5)
  The ghost of chugbro the Firebug, an amateur BaFE (D:4)
  36 blink frogs
  68 saltlings (Desolation)
  An ettin zombie (Depths:1)
  3 jumping spiders (WizLab)
  60 slime creatures
  3 air elementals
  A spriggan (shapeshifter) (D:13)
  A shadow (D:13)
  8 spriggans
  2 vampires
  A human (D:13)
  2 wyverns (shapeshifter)
  9 ushabtiu
  37 ynoxinuls
  7 fire elementals
  A culicivora (shapeshifter) (Vaults:5)
  10 wyverns
  19 water elementals
  11 dire elephant simulacra
  29 yaks
  11 wraiths
  20 basilisks
  2 golden eyes (Slime:5)
  A slime creature zombie (Crypt:2)
  5 alligator snapping turtle simulacra
  4 steam dragons
  9 redbacks
  2 catoblepas simulacra
  30 chaos spawn
  Grum (D:9)
  2 hogs (D:13)
  A hog (shapeshifter) (Abyss:4)
  13 vampire mosquitoes
  20 neqoxecs
  Menkaure (D:4)
  A naga (shapeshifter) (Lair:5)
  43 nagas
  A two-headed ogre zombie (Crypt:1)
  2 wargs
  6 hydra simulacra
  19 water moccasins
  2 acid dragons (D:12)
  18 harpy simulacra
  6 spatial vortices (Abyss:3)
  A deep troll skeleton (Crypt:3)
  A glowing shapeshifter skeleton (Crypt:3)
  6 hell hounds
  28 orc warriors
  A lindwurm zombie (Crypt:2)
  4 ettin simulacra
  3 black bears
  29 laughing skulls
  3 sky beasts
  11 small abominations
  A blink frog zombie (Crypt:3)
  A swamp dragon zombie (Crypt:1)
  A lindwurm skeleton (Crypt:2)
  4 ogres
  3 boggarts (WizLab)
  12 wolves
  13 centaurs
  A phantom (D:5)
  4 kobold brigands (D:11)
  A salamander zombie (Crypt:1)
  16 bullfrogs
  A draconian zombie (Crypt:2)
  2 earth elementals (Elf:2)
  3 gnoll sergeants
  6 naga simulacra
  A salamander skeleton (Crypt:2)
  4 scorpions
  11 wights
  A warg skeleton (Crypt:3)
  23 killer bees (D:9)
  2 bombardier beetles (D:5)
  3 howler monkeys
  5 jellies (Lair:5)
  A quasit (Abyss:3)
  5 hounds
  36 orc priests
  An iron imp (Abyss:1)
  A sleepcap (D:8)
  4 hell rats (Lair:5)
  2 iguanas (D:5)
  22 orc wizards
  An acid dragon skeleton (Crypt:1)
  An ogre skeleton (Crypt:3)
  32 mummies
  21 gnolls
  A howler monkey skeleton (Crypt:1)
  7 adders
  2 shadow imps
  A white imp (D:6)
  4 ufetubi (D:6)
  A lava snake zombie (Crypt:2)
  4 ribbon worms
  2 dart slugs
  96 orcs
  10 ball pythons
  3 bats
  5 endoplasms
  6 giant cockroaches
  4 goblins
  9 hobgoblins
  2 jackals (D:5)
  12 kobolds
  4 quokkas
  A dart slug zombie (Crypt:2)
  A frilled lizard (D:2)
  A gnoll skeleton (Crypt:1)
  A goblin skeleton (Crypt:1)
  A hobgoblin zombie (Crypt:1)
  5 rats
  A spectral kobold (D:4)
  7 aspiring fleshes
  11 creeping infernos
  25 fire vortices
  2 lurking horrors (Abyss:3)
  2 starspawn tentacles (WizLab)
4244 creatures vanquished.

Vanquished Creatures (collateral kills)
  An imperial myrmidon (Desolation)
  A ragged hierophant (Desolation)
  5 saltlings (Desolation)
7 creatures vanquished.

Vanquished Creatures (others)
  A shard shrike (Coc:5)
  An eldritch tentacle (Pan)
  An Executioner (Pan)
  A shard shrike simulacrum (Coc:7)
  A vampire knight (Depths:2)
  A purple draconian (Zot:5)
  A juggernaut simulacrum (Coc:7)
  A salamander tyrant (Geh:7)
  A rakshasa (Pan)
  A spriggan simulacrum (Coc:5)
  A titan simulacrum (Coc:6)
  A freezing wraith (Coc:7)
  An iron giant simulacrum (Coc:3)
  An iron dragon simulacrum (Coc:5)
  A dire elephant simulacrum (Coc:7)
  A naga simulacrum (Coc:7)
  A human (D:13)
  A hydra simulacrum (Coc:7)
  5 ball lightnings
  4 tentacles (Shoals:3)
27 creatures vanquished.

Grand Total: 4278 creatures vanquished

Notes
Turn   | Place    | Note
-------+----------+-------------------------------------------
     0 | D:1      | gimp the Vampire Earth Elementalist began the quest for the
                  | Orb.
     0 | D:1      | Reached XP level 1. HP: 13/13 MP: 3/3
   198 | D:1      | Reached skill level 1 in Conjurations
   280 | D:1      | Reached XP level 2. HP: 19/19 MP: 3/5
   463 | D:1      | Found a faded altar of an unknown god.
   940 | D:2      | Gained mutation: You are afflicted with vampirism and can
                  | become a bat while bloodless. [Vampire growth]
   940 | D:2      | Reached XP level 3. HP: 18/24 MP: 4/6
   957 | D:2      | Learned a level 3 spell: Stone Arrow
  1077 | D:2      | Noticed Terence
  1241 | D:2      | HP: 1/24 [poisoned by an adder]
  1268 | D:2      | Identified the +0 pair of gloves of Untruth {rPois rN+
                  | Dex+3}
  1293 | D:2      | Reached XP level 4. HP: 30/30 MP: 6/8
  1667 | D:3      | Found a shimmering altar of Xom.
  2001 | D:3      | You fall into a shaft and drop 2 floors!
  2001 | D:5      | Entered Level 5 of the Dungeon
  2035 | D:5      | Reached XP level 5. HP: 31/35 MP: 7/9
  2329 | D:4      | Noticed Menkaure
  2346 | D:4      | Killed Menkaure
  2347 | D:4      | Reached XP level 6. HP: 26/41 MP: 2/11
  2782 | D:4      | Found a hazy altar of Hepliaklqana.
  2915 | D:4      | Found a runed translucent door.
  2915 | D:4      | Noticed chugbro's ghost (amateur BaFE)
  2975 | D:4      | Reached skill level 5 in Earth Magic
  2996 | D:4      | Reached XP level 7. HP: 47/47 MP: 7/13
  3432 | D:5      | Reached skill level 1 in Fighting
  3642 | D:5      | Found a basalt altar of Yredelemnul.
  3752 | D:5      | Found an opulent altar of Gozag.
  4012 | D:5      | Reached skill level 5 in Spellcasting
  4104 | D:5      | Reached XP level 8. HP: 57/57 MP: 4/15
  4271 | D:5      | Found a sacrificial altar of Ru.
  4647 | D:6      | Found a stormy altar of Qazlal.
  4652 | D:6      | Found a shadowy altar of Dithmenos.
  4667 | D:6      | Found a staircase to the Ecumenical Temple.
  4681 | Temple   | Entered the Ecumenical Temple
  4691 | Temple   | Became a worshipper of Vehumet
  5060 | D:6      | Found a blossoming altar of Fedhas.
  5338 | D:6      | Reached XP level 9. HP: 63/63 MP: 12/18
  5342 | D:6      | Learned a level 3 spell: Passwall
  5548 | D:6      | Found Cemnohis's Distillery.
  5556 | D:6      | Bought a potion of curing for 33 gold pieces
  5556 | D:6      | Bought a potion of curing for 33 gold pieces
  5556 | D:6      | Bought a potion of curing for 33 gold pieces
  5556 | D:6      | Bought a potion of ambrosia for 88 gold pieces
  5556 | D:6      | Bought a potion of degeneration for 11 gold pieces
  5557 | D:6      | Bought a potion of attraction for 33 gold pieces
  5574 | D:7      | Reached skill level 5 in Dodging
  5887 | D:7      | Reached * piety under Vehumet
  5887 | D:7      | Offered knowledge of Foxfire by Vehumet.
  6509 | D:8      | Noticed a komodo dragon
  6667 | D:8      | Noticed Psyche
  6731 | D:8      | Killed a komodo dragon
  6732 | D:8      | Reached XP level 10. HP: 70/70 MP: 11/22
  6848 | D:8      | Offered knowledge of Kiss of Death by Vehumet.
  6850 | D:8      | Reached ** piety under Vehumet
  7069 | D:8      | Identified the +1 robe "Neap" {rElec}
  7271 | D:8      | Found a staircase to the Lair.
  7608 | D:9      | Noticed Grum
  7786 | D:9      | Found an ornate altar of the Wu Jian Council.
  7958 | D:9      | Reached skill level 1 in Evocations
  7965 | D:9      | Offered knowledge of Scorch by Vehumet.
  8045 | D:9      | Found an iron altar of Okawaru.
  8195 | D:9      | Noticed a two-headed ogre
  8200 | D:9      | Killed a two-headed ogre
  8201 | D:9      | Reached skill level 10 in Spellcasting
  8219 | D:9      | Killed Grum
  8371 | D:9      | Reached *** piety under Vehumet
  8711 | D:9      | Offered knowledge of Dazzling Flash by Vehumet.
  8717 | D:9      | Reached XP level 11. HP: 74/75 MP: 5/25
  8839 | D:9      | Found a staircase to the Orcish Mines.
  8913 | D:9      | Noticed a boulder beetle
  8928 | D:9      | Learned a level 4 spell: Petrify
  8954 | D:9      | Killed a boulder beetle
  8993 | D:9      | Identified the +0 scale mail of Acwafeji {Str+2}
  9100 | D:9      | Noticed Joseph
  9107 | D:9      | Killed Joseph
  9180 | D:10     | Entered Level 10 of the Dungeon
  9187 | D:10     | Identified the +2 trident of Extermination {heavy, Int+8}
  9220 | D:10     | Found a burning altar of Makhleb.
  9385 | D:10     | Found Orghecvai's Mayhem Merchandise.
  9593 | D:10     | Bought a book of Fire for 416 gold pieces
  9601 | D:10     | Learned a level 6 spell: Plasma Beam
  9695 | D:10     | Reached skill level 1 in Air Magic
  9698 | D:10     | Reached skill level 1 in Fire Magic
  9807 | D:10     | Found a snail-covered altar of Cheibriados.
 10040 | D:10     | Found a portal to a secret trove of treasure.
 10165 | D:11     | Noticed a deep elf pyromancer
 10167 | D:11     | Killed a deep elf pyromancer
 10196 | D:11     | Reached **** piety under Vehumet
 10263 | D:11     | Learned a level 5 spell: Irradiate
 10277 | D:11     | Reached skill level 5 in Evocations
 10311 | D:11     | Found Numim's CLEARANCE SALE!.
 10315 | D:11     | Bought a scroll of identify for 14 gold pieces
 10387 | D:11     | Offered knowledge of Airstrike by Vehumet.
 10655 | D:11     | Reached skill level 1 in Alchemy
 10823 | D:11     | Noticed Fannar
 10902 | Lair:1   | Entered Level 1 of the Lair of Beasts
 11280 | Lair:1   | Reached XP level 12. HP: 34/81 MP: 7/28
 11440 | Lair:1   | Noticed Amaemon
 11444 | Lair:1   | Killed Amaemon
 11615 | Lair:1   | Reached skill level 5 in Air Magic
 12078 | Lair:2   | Noticed a seven-headed hydra
 12081 | Lair:2   | Killed a seven-headed hydra
 12528 | Lair:2   | Found a staircase to the Shoals.
 12600 | Lair:2   | Reached skill level 5 in Fire Magic
 12973 | Lair:3   | Noticed a four-headed hydra
 12978 | Lair:3   | Killed a four-headed hydra
 12988 | Lair:3   | Noticed a five-headed hydra
 13027 | Lair:3   | Killed a five-headed hydra
 13033 | Lair:3   | Reached ***** piety under Vehumet
 13207 | Lair:3   | Offered knowledge of Orb of Destruction by Vehumet.
 13432 | Lair:3   | Reached skill level 5 in Alchemy
 13442 | Lair:3   | Reached XP level 13. HP: 51/86 MP: 1/30
 13558 | Lair:3   | Noticed Sonja
 13559 | Lair:3   | Killed Sonja
 13625 | Lair:3   | Found a staircase to the Snake Pit.
 15273 | Lair:5   | Entered Level 5 of the Lair of Beasts
 15425 | Lair:5   | Found a staircase to the Slime Pits.
 15701 | Lair:5   | Noticed Urug
 15706 | Lair:5   | Killed Urug
 15735 | Lair:5   | Offered knowledge of Iskenderun's Battlesphere by Vehumet.
 16192 | Lair:5   | Identified the +3 spear of Context {drain, Str+5}
 16268 | Lair:5   | Reached XP level 14. HP: 82/93 MP: 24/32
 17035 | Lair:5   | Offered knowledge of Freezing Cloud by Vehumet.
 17042 | Lair:5   | Learned a level 5 spell: Freezing Cloud
 17054 | Lair:5   | Found a corrupted altar of Lugonu.
 17054 | Lair:5   | Found a one-way gate to the infinite horrors of the Abyss.
 17345 | Orc:1    | Entered Level 1 of the Orcish Mines
 17488 | Orc:1    | Found a roughly hewn altar of Beogh.
 17620 | Orc:1    | Reached skill level 10 in Air Magic
 17848 | Orc:2    | Entered Level 2 of the Orcish Mines
 17938 | Orc:2    | Found a staircase to the Elven Halls.
 18079 | Orc:2    | Noticed Azrael
 18117 | Orc:2    | Killed Azrael
 18180 | Orc:2    | Paralysed by an orc sorcerer for 3 turns
 18459 | Orc:2    | Found Qusoj's Gadget Gallery.
 18729 | Orc:2    | Found Qaep's Magic Scroll Shoppe.
 18761 | Orc:2    | Found Porilew's Distillery.
 18846 | Orc:2    | Bought a scroll of fear for 60 gold pieces
 19253 | Orc:2    | Reached skill level 1 in Ice Magic
 19255 | Orc:2    | Offered knowledge of Conjure Ball Lightning by Vehumet.
 19476 | Orc:2    | Reached skill level 15 in Spellcasting
 19557 | Orc:2    | Found Usul's Jewellery Boutique.
 19557 | Orc:2    | Found Qirhybut's Antique Weapon Shop.
 19558 | Orc:2    | Found a one-way gate leading to the halls of Pandemonium.
 19593 | Orc:2    | Bought a scroll of acquirement for 780 gold pieces
 19593 | Orc:2    | Acquired 1247 gold pieces
 19595 | Orc:2    | Bought a scroll of teleportation for 45 gold pieces
 19595 | Orc:2    | Bought a scroll of teleportation for 45 gold pieces
 19595 | Orc:2    | Bought a scroll of blinking for 112 gold pieces
 19597 | Orc:2    | Bought a potion of heal wounds for 50 gold pieces
 19597 | Orc:2    | Bought a potion of curing for 30 gold pieces
 19597 | Orc:2    | Bought a potion of heal wounds for 50 gold pieces
 19597 | Orc:2    | Bought a potion of curing for 30 gold pieces
 19597 | Orc:2    | Bought a potion of curing for 30 gold pieces
 19597 | Orc:2    | Bought a potion of heal wounds for 50 gold pieces
 19626 | Orc:2    | Bought a phantom mirror for 400 gold pieces
 19626 | Orc:2    | Bought a sack of spiders for 400 gold pieces
 19779 | D:11     | Killed Fannar
 19844 | D:11     | Learned a level 7 spell: Ozocubu's Refrigeration
 20092 | D:12     | Noticed Jorgrun
 20100 | D:12     | Killed Jorgrun
 20101 | D:12     | Reached XP level 15. HP: 51/98 MP: 2/34
 20337 | D:12     | Identified the +7 dagger of Lakewkuo {pain, Str+3 SInv}
 21012 | D:13     | Found Bamn's Demolitions Depot.
 21097 | D:13     | Noticed Kirke
 21102 | D:13     | Killed Kirke
 21379 | D:13     | Found a gate to the Vaults.
 21796 | D:13     | Reached skill level 5 in Ice Magic
 22226 | D:13     | Identified the +0 robe of the Butcher {rC++ rN+}
 22973 | D:14     | Noticed Snorg
 22977 | D:14     | Killed Snorg
 23161 | D:14     | Offered knowledge of Fireball by Vehumet.
 23169 | D:14     | Learned a level 5 spell: Fireball
 23425 | D:15     | Entered Level 15 of the Dungeon
 23939 | D:15     | Found a staircase to the Depths.
 24143 | D:15     | Reached XP level 16. HP: 104/104 MP: 24/36
 24667 | Snake:1  | Entered Level 1 of the Snake Pit
 25169 | Snake:1  | Found a sacrificial altar of Ru.
 25310 | Snake:1  | Identified the +1 arbalest "Reupruug" {penet, Int+2 Stlth+}
 25722 | Snake:2  | Reached skill level 5 in Fighting
 25921 | Snake:2  | Reached ****** piety under Vehumet
 26618 | Snake:2  | Offered knowledge of Yara's Violent Unravelling by Vehumet.
 26637 | Snake:2  | Learned a level 5 spell: Yara's Violent Unravelling
 26936 | Snake:2  | Reached skill level 1 in Hexes
 27444 | Snake:2  | Found Edu Pide's Self-Improvement Boutique.
 28674 | Snake:3  | Reached skill level 10 in Ice Magic
 28824 | Snake:3  | Reached skill level 5 in Hexes
 28900 | Snake:3  | Found a runed translucent gate.
 28900 | Snake:3  | Found a runed translucent gate.
 28900 | Snake:3  | Found a runed translucent gate.
 28979 | Snake:3  | Reached XP level 17. HP: 95/95 MP: 38/38
 29299 | Snake:3  | Noticed Saint Roka
 30083 | Snake:3  | Learned a level 5 spell: Metabolic Englaciation
 30408 | Snake:3  | Noticed pisaster's ghost (adept BaBr)
 30422 | Snake:4  | Entered Level 4 of the Snake Pit
 30713 | Snake:4  | Offered knowledge of Ignition by Vehumet.
 30925 | Snake:4  | Identified the +7 ring mail of the Ghostly God {rF+ rCorr}
 31130 | Snake:4  | Reached skill level 10 in Dodging
 31289 | Snake:4  | Found Nextuc's Distillery.
 32830 | Snake:4  | Noticed Agnes
 32834 | Snake:4  | Killed Agnes
 32935 | Snake:4  | Found an iron altar of Okawaru.
 32991 | Snake:4  | Got a serpentine rune of Zot
 33214 | Shoals:1 | Entered Level 1 of the Shoals
 33328 | Shoals:1 | Noticed Roxanne
 33693 | Shoals:1 | Offered knowledge of Fire Storm by Vehumet.
 33693 | Shoals:1 | Offered knowledge of Shatter by Vehumet.
 33693 | Shoals:1 | Offered knowledge of Maxwell's Capacitive Coupling by
                  | Vehumet.
 33700 | Shoals:1 | Reached XP level 18. HP: 101/101 MP: 37/40
 33709 | Shoals:1 | Learned a level 8 spell: Maxwell's Capacitive Coupling
 33977 | Shoals:2 | Noticed Donald
 33983 | Shoals:2 | Killed Donald
 34110 | Shoals:2 | Noticed Polyphemus
 34285 | Shoals:2 | Reached skill level 1 in Shields
 34547 | Shoals:2 | Noticed Frances
 34551 | Shoals:2 | Killed Frances
 34578 | Shoals:2 | Found a runed translucent door.
 34664 | Shoals:2 | Found Enoaboe's Armour Shop.
 34697 | Shoals:2 | Killed Polyphemus
 35029 | Shoals:2 | Found a corrupted altar of Lugonu.
 35370 | Shoals:3 | Found a runed translucent gate.
 35370 | Shoals:3 | Found a runed translucent gate.
 35371 | Shoals:3 | Found a runed translucent gate.
 35510 | Shoals:3 | Noticed Eluacum's ghost (adept TrSh)
 35694 | Shoals:3 | Reached skill level 5 in Shields
 35988 | Shoals:4 | Entered Level 4 of the Shoals
 36034 | Shoals:4 | Got the Lessons on the Kinetic Retinue
 36080 | Shoals:4 | Noticed Louise
 36485 | Shoals:4 | Killed Louise
 36585 | Shoals:4 | Identified the serpent talisman of Limitation {rC+ Dex-2
                  | Slay+3 Stlth+}
 36585 | Shoals:4 | Noticed Aizul
 36637 | Shoals:4 | Killed Aizul
 36670 | Shoals:4 | Identified the +1 robe of Truth {rElec Will+ Int-4}
 36965 | Shoals:4 | Noticed Nikola
 37276 | Shoals:4 | Killed Nikola
 37346 | Shoals:4 | Noticed Bai Suzhen
 37363 | Shoals:4 | Killed Bai Suzhen
 37425 | Shoals:4 | Found Penlol's Weapon Shoppe.
 37452 | Shoals:4 | Found Quenkott's Assorted Antiques.
 37456 | Shoals:4 | Bought a scroll of teleportation for 87 gold pieces
 37728 | Shoals:4 | Got a barnacled rune of Zot
 37777 | Shoals:4 | Found Ampateet's Book Boutique.
 37844 | Shoals:4 | Found Ihuch's Jewellery Shoppe.
 38354 | Snake:2  | Bought a manual of Ice Magic for 1360 gold pieces
 38590 | Vaults:1 | Entered Level 1 of the Vaults
 38760 | Vaults:1 | Found Himmathrue's Assorted Antiques.
 38927 | Vaults:1 | Reached XP level 19. HP: 105/105 MP: 30/41
 39555 | Vaults:1 | You fall into a shaft and drop 1 floor!
 39797 | Vaults:2 | Found Oheqiogg's Antique Armour Emporium.
 39804 | Vaults:2 | Bought a runed cloak for 202 gold pieces
 41142 | Vaults:2 | Found a staircase to the Crypt.
 41462 | Vaults:2 | Reached skill level 10 in Shields
 41644 | Vaults:2 | Reached skill level 15 in Ice Magic
 41974 | Vaults:3 | Found Cunargh's Book Boutique.
 42015 | Vaults:3 | Found a crumbling gateway.
 42087 | Desolati | Entered the Desolation of Salt
 42465 | Desolati | Reached XP level 20. HP: 28/111 MP: 21/43
 42484 | Desolati | Identified the +10 sling of Jussic {speed, Str+3}
 42876 | Desolati | Got the Discursus on Stygian Bombardment
 43459 | Desolati | Found the +27 heavy crossbow "Sniper" {heavy, Acc+∞ SInv}
 43466 | Desolati | Identified the amulet of Sophism {rElec RegenMP+ Int-2
                  | Dex+4}
 43497 | Desolati | Identified the ring of Aluq {rN+ Str+6 Dex+2}
 43912 | Vaults:3 | Reached XP level 21. HP: 115/115 MP: 44/44
 44897 | Vaults:4 | Identified the +2 pair of gloves of Mumblety Peg {rF+
                  | Int+3}
 45329 | Vaults:4 | Found Lizif's Armour Boutique.
 46887 | Elf:1    | Entered Level 1 of the Elven Halls
 46887 | Elf:1    | Noticed Norris
 46891 | Elf:1    | Reached XP level 22. HP: 120/120 MP: 31/46
 46893 | Elf:1    | Killed Norris
 47052 | Elf:1    | Found a magical portal.
 47070 | Elf:1    | Learned a level 9 spell: Polar Vortex
 47071 | WizLab   | Entered The Roulette of Golubria
 47071 | WizLab   | Found a transporter.
 47074 | WizLab   | Found a corrupted altar of Lugonu.
 47258 | WizLab   | Found a transporter.
 47277 | WizLab   | Found a corrupted altar of Lugonu.
 47309 | WizLab   | Found a transporter.
 47369 | WizLab   | Found a corrupted altar of Lugonu.
 47378 | WizLab   | Found a transporter.
 47386 | WizLab   | Found a transporter.
 47392 | WizLab   | Found a corrupted altar of Lugonu.
 47415 | WizLab   | Found a transporter.
 47416 | WizLab   | Found a transporter.
 47469 | WizLab   | Found a transporter.
 47563 | WizLab   | Found a transporter.
 47591 | WizLab   | Found a transporter.
 47601 | WizLab   | Found a transporter.
 47626 | WizLab   | Found a transporter.
 47628 | WizLab   | Found a transporter.
 47657 | WizLab   | Found a transporter.
 47672 | WizLab   | Found a transporter.
 47695 | WizLab   | Found a transporter.
 47695 | WizLab   | Found a transporter.
 47779 | WizLab   | Found a transporter.
 47793 | WizLab   | Found a transporter.
 47900 | WizLab   | Identified the +0 cloak of the Merwolf {^Contam MP+9 Str+8
                  | Slay+2}
 48067 | WizLab   | Identified the +0 cloak of the Untouchables {rC+ Int+5}
 48076 | WizLab   | Got Golubria's Disquisition on Position
 48082 | WizLab   | Identified the +0 cloak "Xoosej" {Dex+2}
 48255 | Elf:1    | Found Icluiq's Armour Boutique.
 48407 | Elf:1    | Paralysed by an air elemental for 1 turns
 48922 | Elf:1    | Found an ancient bone altar of Kikubaaqudgha.
 49125 | Elf:2    | Found a glacial archway.
 49128 | Elf:2    | Paralysed by an air elemental for 1 turns
 49196 | Elf:2    | Learned a level 1 spell: Apportation
 49212 | IceCv    | Entered an ice cave
 50066 | IceCv    | Reached XP level 23. HP: 124/124 MP: 48/48
 50283 | IceCv    | Identified the +0 helmet "Siuskiergh" {rElec Will+ Str+5
                  | Dex-3}
 50551 | Elf:2    | Found a runed translucent gate.
 50552 | Elf:2    | Found a runed translucent gate.
 50552 | Elf:2    | Found a runed translucent gate.
 50792 | Elf:3    | Entered Level 3 of the Elven Halls
 51439 | Elf:3    | Learned a level 2 spell: Blink
 51444 | Elf:3    | Learned a level 4 spell: Iskenderun's Mystic Blast
 51475 | Elf:3    | Identified the +9 ring mail of Myoromat {Will+}
 51482 | Elf:3    | Reached skill level 15 in Air Magic
 51709 | Elf:3    | Identified the +2 short sword of the Shallot {spect, rF+
                  | SInv Stlth-}
 51760 | Elf:3    | Identified the +5 hand axe of the Radish {speed, Str+5}
 51769 | Elf:3    | Identified the +9 mace of Beogh's Pride {pain, rPois rN+
                  | Stlth-}
 51895 | Elf:3    | Identified the +1 war axe "Arcanum" {venom, rF+ rCorr
                  | Dex+2}
 51946 | Elf:3    | Reached XP level 24. HP: 130/130 MP: 27/48
 52015 | Elf:3    | Found the +7 great mace "Undeadhunter" {deathbane, rN+}
 52188 | Elf:3    | Identified the +10 crystal plate armour of Gousydgh {rF+
                  | Str+5}
 52193 | Elf:3    | Identified the +7 falchion of the Lettuce {vamp, rC+ rN++
                  | Dex+2}
 52196 | Elf:3    | Identified the +9 shortbow "Idduuzel" {freeze, rN+ Int+2}
 52206 | Elf:3    | Identified the +0 flail of the Eggplant {spect, rC+ Will+}
 52212 | Elf:3    | Identified the +9 shortbow "Fan Paep" {elec, rF+}
 52214 | Elf:3    | Identified the +10 plate armour of Beauty {rPois Will+
                  | Int+4}
 52789 | Slime:1  | Entered Level 1 of the Pits of Slime
 52800 | Slime:1  | Reached skill level 1 in Armour
 53089 | Slime:5  | Entered Level 5 of the Pits of Slime
 53192 | Slime:5  | Found a viscous altar of Jiyva.
 53215 | Slime:5  | Reached skill level 5 in Armour
 53523 | Slime:5  | Noticed the Royal Jelly
 53529 | Slime:5  | Killed the Royal Jelly
 53586 | Slime:5  | Got a slimy rune of Zot
 53595 | Slime:5  | Identified the ring "Lesim" {rC+ Dex+6}
 53602 | Slime:5  | Got the Excursus on Gusts and Despicable Secrets
 53606 | Slime:5  | Identified the +6 orcbow of the Countless Yaks {antimagic,
                  | rN+ Will+}
 53625 | Slime:5  | Identified the +8 mace of the Boiling Point {holy, rElec
                  | rC- Will+ Str+2}
 53638 | Slime:5  | Identified the +7 great sword of Crawling {vamp, rN+}
 53640 | Slime:5  | Identified the +1 dire flail of the Original Sin {holy,
                  | rCorr}
 53944 | Depths:1 | Entered Level 1 of the Depths
 54458 | Depths:1 | Reached skill level 1 in Translocations
 54508 | Depths:1 | Found a gateway to Hell.
 54524 | Depths:1 | Identified the +0 buckler of Heafurph {rElec rPois Int-3
                  | SInv}
 54601 | Depths:1 | Identified the +5 short sword "Ofuocy" {flame, rPois rF+
                  | Will+}
 54798 | Depths:1 | Found a bloodstained altar of Trog.
 55261 | Depths:1 | Found Bihuism's Pet Rocks.
 55458 | Depths:1 | You fall into a shaft and drop 1 floor!
 55490 | Depths:2 | Identified the +1 flail of Lurikyrgh {spect, rCorr Int+2}
 55505 | Depths:2 | Found Qexygewa's Jewellery Boutique.
 55596 | Depths:2 | Reached XP level 25. HP: 123/134 MP: 43/49
 55656 | Depths:2 | Identified the +3 buckler of Baldness {Harm rN+}
 55927 | Depths:2 | Found a basalt altar of Yredelemnul.
 56098 | Depths:2 | Reached skill level 5 in Translocations
 57440 | Depths:3 | Identified the ring of Qozuodwarch {Fire Str+2 Dex+6}
 58698 | Depths:4 | Entered Level 4 of the Depths
 58746 | Depths:4 | Found a one-way gateway to a ziggurat.
 58809 | Depths:4 | Noticed a juggernaut
 58814 | Depths:4 | Killed a juggernaut
 58831 | Depths:4 | Noticed a juggernaut
 58837 | Depths:4 | Killed a juggernaut
 58954 | Depths:4 | Reached skill level 10 in Earth Magic
 59250 | Depths:4 | Gained mutation: You are clumsy. (Dex -2) [mutagenic glow]
 59258 | Depths:4 | Gained mutation: Your body sometimes deteriorates upon
                  | taking damage. [mutagenic glow]
 59892 | Depths:4 | Found a gate to the Realm of Zot.
 60250 | Crypt:1  | Entered Level 1 of the Crypt
 60257 | Crypt:1  | Identified the ring of Coakav {Ice rPois MP-9 Int+2 Stlth+}
 60257 | Crypt:1  | Noticed Josephina
 60266 | Crypt:1  | Killed Josephina
 60267 | Crypt:1  | Reached XP level 26. HP: 127/147 MP: 50/50
 60343 | Crypt:1  | Reached skill level 10 in Fighting
 61359 | Crypt:2  | Noticed Mennas
 61376 | Crypt:2  | Killed Mennas
 61562 | Crypt:2  | Identified the +3 scale mail of Serendipity {Fly rN+ Will+
                  | Int-2}
 62010 | Crypt:2  | Noticed Margery
 62016 | Crypt:2  | Killed Margery
 62443 | Crypt:3  | Entered Level 3 of the Crypt
 63761 | Crypt:3  | Found an ancient bone altar of Kikubaaqudgha.
 63761 | Crypt:3  | Found a basalt altar of Yredelemnul.
 63787 | Crypt:3  | Identified the +8 trident of the Transmuting Boar
                  | {antimagic, Will+ Int+2}
 63833 | Crypt:3  | Found the +9 sword of Zonguldrok {reap}
 63838 | Crypt:3  | Identified the ring "Earthly Heaven" {rC+ Dex+2}
 64345 | Crypt:3  | Found a staircase to the Tomb.
 64471 | Vaults:3 | Bought the Codex of Alchemical Attacks for 598 gold pieces
 64540 | Vaults:5 | Entered Level 5 of the Vaults
 64555 | Vaults:5 | Reached skill level 15 in Earth Magic
 64892 | Vaults:5 | Reached XP level 27. HP: 85/157 MP: 47/50
 65426 | Vaults:5 | Identified the +11 short sword of Wanwarrima {freeze, Str+2
                  | Int+3}
 65443 | Vaults:5 | Identified the +6 flail "Plojy" {drain, Str+4}
 65458 | Vaults:5 | Identified the +3 short sword of Coineib {drain, rElec rF-
                  | Int+5}
 65620 | Vaults:5 | Noticed an ancient lich
 65629 | Vaults:5 | Killed an ancient lich
 65840 | Vaults:5 | Identified the +8 trident "Vucim" {freeze, MP-9 Int+5}
 65840 | Vaults:5 | Identified the ring of Yffexkyr {rCorr MP+9 Dex+6}
 66185 | Vaults:5 | Got the Opusculum on the Mortar
 66205 | Vaults:5 | Got the Secrets of Zombies and the Volcano
 66214 | Vaults:5 | Got a silver rune of Zot
 66216 | Vaults:5 | Identified the +7 short sword of the Wilderness {holy,
                  | rPois rC+ Int+3}
 66336 | Vaults:5 | Got Sif Muna's Incunabulum of Oxidation
 66416 | Vaults:5 | Got Ituhouwk's Lectures on Elsewhere and Bewitchment
 66986 | Zot:1    | Entered Level 1 of the Realm of Zot
 67457 | Zot:1    | Noticed Parghit
 67460 | Zot:1    | Killed Parghit
 67919 | Zot:1    | Identified the +3 cloak of Action {Dex+4}
 68224 | Zot:2    | You fall into a shaft and drop 1 floor!
 68228 | Zot:3    | Reached skill level 15 in Fighting
 69359 | Zot:2    | Learned a level 9 spell: Shatter
 69459 | Zot:3    | Identified the +6 chain mail "Xihuanur" {rPois rC+ Str+3}
 70767 | Zot:5    | Entered Level 5 of the Realm of Zot
 70968 | Pan      | Entered Pandemonium
 71168 | Pan      | Found an exit through the horrors of the Abyss.
 71487 | Pan      | Entered the realm of Gloorx Vloq.
 71534 | Pan      | Found an exit through the horrors of the Abyss.
 71754 | Pan      | Noticed Ignacio
 71759 | Pan      | Killed Ignacio
 73132 | Pan      | Noticed Gloorx Vloq
 73136 | Pan      | Killed Gloorx Vloq
 73137 | Pan      | Reached skill level 15 in Dodging
 73149 | Pan      | Got a dark rune of Zot
 73459 | Pan      | Noticed Bouxiud the pandemonium lord
 73469 | Pan      | Killed Bouxiud the pandemonium lord
 73477 | Pan      | Gained mutation: You occasionally lose the ability to drink
                  | potions when taking damage. [a cacodemon]
 74184 | Pan      | Identified the amulet of Impatience {Spirit *Corrode rElec
                  | Int+2 Dex+3}
 74978 | Pan      | Found an exit through the horrors of the Abyss.
 75348 | Pan      | Lost mutation: Your body sometimes deteriorates upon taking
                  | damage. [potion of mutation]
 75348 | Pan      | Lost mutation: You are clumsy. (Dex -2) [potion of
                  | mutation]
 75348 | Pan      | Lost mutation: You occasionally lose the ability to drink
                  | potions when taking damage. [potion of mutation]
 75348 | Pan      | Gained mutation: You are frail. (-10% HP) [potion of
                  | mutation]
 75348 | Pan      | Gained mutation: You are somewhat resistant to further
                  | mutation. [potion of mutation]
 75552 | Pan      | Found a corrupted altar of Lugonu.
 75574 | Pan      | Noticed Vutzas the pandemonium lord
 75579 | Pan      | Killed Vutzas the pandemonium lord
 76113 | Pan      | Got a demonic rune of Zot
 76764 | Pan      | Noticed Jitsyimu the pandemonium lord
 76779 | Pan      | Killed Jitsyimu the pandemonium lord
 77298 | Pan      | Found an exit through the horrors of the Abyss.
 77961 | Pan      | Identified the +0 robe "Jeon" {*Corrode rElec Will++ Int+2}
 77970 | Pan      | Noticed Ruojirre the pandemonium lord
 77979 | Pan      | Killed Ruojirre the pandemonium lord
 78439 | Pan      | Entered the realm of Lom Lobon.
 79008 | Pan      | Noticed Lom Lobon
 79051 | Pan      | Killed Lom Lobon
 79276 | Pan      | Got a magical rune of Zot
 79556 | Pan      | Noticed Nussol the pandemonium lord
 79574 | Pan      | Killed Nussol the pandemonium lord
 79838 | Pan      | Found an ancient bone altar of Kikubaaqudgha.
 79907 | Pan      | Found an exit through the horrors of the Abyss.
 79916 | Pan      | Noticed Favunu the pandemonium lord
 79922 | Pan      | Killed Favunu the pandemonium lord
 80482 | Pan      | Entered the realm of Mnoleg.
 80487 | Pan      | Gained mutation: Your body sometimes deteriorates upon
                  | taking damage. [a cacodemon]
 80577 | Pan      | Noticed Mnoleg
 80590 | Pan      | Killed Mnoleg
 80618 | Pan      | Got a glowing rune of Zot
 80713 | Pan      | Found an exit through the horrors of the Abyss.
 80803 | Pan      | Noticed Wuyniax the pandemonium lord
 80808 | Pan      | Killed Wuyniax the pandemonium lord
 81096 | Pan      | Noticed Idowojee the pandemonium lord
 81101 | Pan      | Killed Idowojee the pandemonium lord
 81272 | Pan      | Entered the realm of Cerebov.
 81369 | Pan      | Found an exit through the horrors of the Abyss.
 82021 | Pan      | Identified the +7 flail "Giantslayer" {flame, +Blink}
 82021 | Pan      | Identified the amulet of the Middle {Reflect Rampage rElec
                  | Str-4 Dex+6 SH+5}
 82326 | Pan      | Found the +6 sword of Cerebov {flame}
 82326 | Pan      | Noticed Cerebov
 82330 | Pan      | Killed Cerebov
 82410 | Pan      | Got a fiery rune of Zot
 82428 | Pan      | Identified the staff "Suzeihe" {Fly rElec rN+ rCorr Stlth+
                  | Air}
 82590 | Pan      | Got Lyaph's Directory of Frostbite and Ceraunoscopy
 82592 | Pan      | Identified the staff of the Saviour {rN+ Int+2 Stlth- Necro
                  | Ice}
 82595 | Pan      | Identified the +9 war axe "Utoqoe" {antimagic, rN+++}
 82831 | Pan      | Learned a level 6 spell: Bombard
 82833 | Pan      | Took an exit into the Abyss.
 82833 | Abyss:1  | Escaped into the Abyss
 82914 | Abyss:1  | Found a corrupted altar of Lugonu.
 82946 | Abyss:2  | Found a corrupted altar of Lugonu.
 83046 | Abyss:3  | Found a corrupted altar of Lugonu.
 83082 | Abyss:3  | Found a corrupted altar of Lugonu.
 83107 | Abyss:4  | Reached skill level 27 in Spellcasting
 83190 | Abyss:4  | Found a corrupted altar of Lugonu.
 83198 | Abyss:4  | Got an abyssal rune of Zot
 83200 | Depths:3 | Escaped the Abyss
 83402 | Hell     | Entered the Vestibule of Hell
 83402 | Hell     | Noticed Geryon
 83414 | Hell     | Killed Geryon
 83644 | Hell     | Found a gateway to the ashen valley of Gehenna.
 83678 | Hell     | Found a gateway to the decaying netherworld of Tartarus.
 83785 | Hell     | Found a gateway to the freezing wastes of Cocytus.
 83904 | Hell     | Found a gateway to the Iron City of Dis.
 84063 | Coc:1    | Entered Level 1 of Cocytus
 85169 | Coc:7    | Entered Level 7 of Cocytus
 85573 | Coc:7    | Identified the staff "Suni" {rElec Int+2 Air}
 85597 | Coc:7    | Identified the +0 dagger "Quenwym" {drain, rPois Will+
                  | Dex+3}
 85629 | Coc:7    | Paralysed by a wendigo for 1 turns
 85794 | Coc:7    | Reached skill level 10 in Evocations
 85867 | Coc:7    | Noticed Antaeus
 85872 | Coc:7    | Killed Antaeus
 86052 | Coc:7    | Got an icy rune of Zot
 86216 | Tar:1    | Entered Level 1 of Tartarus
 86480 | Tar:3    | Found a huge runed translucent gate.
 86480 | Tar:3    | Found a huge runed translucent gate.
 86480 | Tar:3    | Found a huge runed translucent gate.
 86480 | Tar:3    | Found a huge runed translucent gate.
 86480 | Tar:3    | Found a huge runed translucent gate.
 86480 | Tar:3    | Found a huge runed translucent gate.
 86480 | Tar:3    | Found a huge runed translucent gate.
 86480 | Tar:3    | Found a huge runed translucent gate.
 86480 | Tar:3    | Found a huge runed translucent gate.
 86480 | Tar:3    | Found a huge runed translucent gate.
 86857 | Tar:3    | Found a huge runed translucent gate.
 86857 | Tar:3    | Found a huge runed translucent gate.
 86857 | Tar:3    | Found a huge runed translucent gate.
 86857 | Tar:3    | Found a huge runed translucent gate.
 86857 | Tar:3    | Found a huge runed translucent gate.
 86860 | Tar:3    | Found a huge runed translucent gate.
 86860 | Tar:3    | Found a huge runed translucent gate.
 86860 | Tar:3    | Found a huge runed translucent gate.
 86860 | Tar:3    | Found a huge runed translucent gate.
 86860 | Tar:3    | Found a huge runed translucent gate.
 86861 | Tar:3    | Found a huge runed translucent gate.
 86862 | Tar:3    | Found a huge runed translucent gate.
 86863 | Tar:3    | Found a huge runed translucent gate.
 86864 | Tar:3    | Found a huge runed translucent gate.
 86865 | Tar:3    | Found a huge runed translucent gate.
 86865 | Tar:3    | Noticed a dread lich
 86865 | Tar:3    | Noticed an ancient lich
 86865 | Tar:3    | Noticed an ancient lich
 86866 | Tar:3    | Found a huge runed translucent gate.
 86867 | Tar:3    | Found a huge runed translucent gate.
 86868 | Tar:3    | Found a huge runed translucent gate.
 86868 | Tar:3    | Found a huge runed translucent gate.
 86868 | Tar:3    | Found a huge runed translucent gate.
 86868 | Tar:3    | Found a huge runed translucent gate.
 86868 | Tar:3    | Found a huge runed translucent gate.
 86868 | Tar:3    | Found a huge runed translucent gate.
 86868 | Tar:3    | Found a huge runed translucent gate.
 86876 | Tar:3    | Found a huge runed translucent gate.
 86880 | Tar:3    | Found a huge runed translucent gate.
 87737 | Tar:5    | Noticed an ancient lich
 87794 | Tar:5    | Killed an ancient lich
 88610 | Tar:7    | Entered Level 7 of Tartarus
 89105 | Tar:7    | Noticed Ereshkigal
 89382 | Tar:7    | Got a bone rune of Zot
 89454 | Geh:1    | Entered Level 1 of Gehenna
 90383 | Geh:5    | Noticed an ancient lich
 90392 | Geh:5    | Killed an ancient lich
 90849 | Geh:6    | Noticed a dread lich
 90872 | Geh:6    | Killed a dread lich
 91154 | Geh:7    | Entered Level 7 of Gehenna
 92068 | Geh:7    | Identified the +2 sling of Contention {antimagic, rC+ rN+
                  | SInv}
 92977 | Geh:7    | Reached skill level 15 in Evocations
 93004 | Geh:7    | Found the +13 sceptre of Asmodeus
 93004 | Geh:7    | Noticed Asmodeus
 93009 | Geh:7    | Killed Asmodeus
 93029 | Geh:7    | Got an obsidian rune of Zot
 93096 | Dis:1    | Entered Level 1 of the Iron City of Dis
 93499 | Dis:3    | Noticed an ancient lich
 93506 | Dis:3    | Killed an ancient lich
 94631 | Dis:7    | Entered Level 7 of the Iron City of Dis
 95073 | Dis:7    | Noticed a juggernaut
 95080 | Dis:7    | Killed a juggernaut
 95108 | Dis:7    | Reached skill level 27 in Dodging
 95509 | Dis:7    | Noticed a juggernaut
 95516 | Dis:7    | Killed a juggernaut
 95660 | Dis:7    | Noticed a juggernaut
 95665 | Dis:7    | Killed a juggernaut
 95979 | Dis:7    | Identified the amulet "Zoziog" {Faith Rampage rN++ Dex-3}
 96062 | Dis:7    | Got an iron rune of Zot
 96495 | Tomb:1   | Entered Level 1 of the Tomb of the Ancients
 96923 | Tomb:1   | Noticed a royal mummy
 96927 | Tomb:1   | Noticed a royal mummy
 96932 | Tomb:1   | Noticed Khufu
 96942 | Tomb:1   | Killed a royal mummy
 96943 | Tomb:1   | Killed Khufu
 96943 | Tomb:1   | Killed a royal mummy
 97633 | Tomb:1   | Noticed a royal mummy
 97635 | Tomb:1   | Noticed a royal mummy
 97644 | Tomb:1   | Killed a royal mummy
 97647 | Tomb:1   | Killed a royal mummy
 97647 | Tomb:1   | Noticed a royal mummy
 97648 | Tomb:1   | Noticed a royal mummy
 97654 | Tomb:1   | Killed a royal mummy
 97660 | Tomb:1   | Killed a royal mummy
 97760 | Tomb:1   | Noticed a royal mummy
 97768 | Tomb:1   | Killed a royal mummy
 97826 | Tomb:1   | Noticed a royal mummy
 97832 | Tomb:1   | Killed a royal mummy
 97869 | Tomb:1   | Noticed a royal mummy
 97876 | Tomb:1   | Killed a royal mummy
 97878 | Tomb:1   | Noticed a royal mummy
 97880 | Tomb:1   | Noticed a royal mummy
 97898 | Tomb:1   | Noticed a royal mummy
 97908 | Tomb:1   | Killed a royal mummy
 97908 | Tomb:1   | Killed a royal mummy
 97910 | Tomb:1   | Noticed a royal mummy
 97921 | Tomb:1   | Killed a royal mummy
 97938 | Tomb:1   | Noticed a royal mummy
 98132 | Tomb:1   | Noticed a royal mummy
 98134 | Tomb:1   | Killed a royal mummy
 98136 | Tomb:1   | Killed a royal mummy
 98137 | Tomb:1   | Killed a royal mummy
 98137 | Tomb:1   | Noticed a royal mummy
 98175 | Tomb:1   | Killed a royal mummy
 98182 | Tomb:1   | Noticed a royal mummy
 98191 | Tomb:1   | Killed a royal mummy
 98192 | Tomb:1   | Reached skill level 27 in Fighting
 98208 | Tomb:1   | Noticed a royal mummy
 98214 | Tomb:1   | Killed a royal mummy
 98849 | Tomb:3   | Entered Level 3 of the Tomb of the Ancients
 98901 | Tomb:3   | Noticed a royal mummy
 98903 | Tomb:3   | Noticed a royal mummy
 98911 | Tomb:3   | Killed a royal mummy
 98924 | Tomb:3   | Noticed a royal mummy
 98927 | Tomb:3   | Noticed a royal mummy
 98927 | Tomb:3   | Noticed a royal mummy
 98929 | Tomb:3   | Noticed a royal mummy
 98929 | Tomb:3   | Noticed a royal mummy
 98929 | Tomb:3   | Noticed a royal mummy
 98930 | Tomb:3   | Reached skill level 15 in Shields
 98938 | Tomb:3   | Noticed a royal mummy
 98958 | Tomb:3   | Killed a royal mummy
 98958 | Tomb:3   | Killed a royal mummy
 98959 | Tomb:3   | Killed a royal mummy
 98960 | Tomb:3   | Killed a royal mummy
 98960 | Tomb:3   | Killed a royal mummy
 98968 | Tomb:3   | Killed a royal mummy
 98974 | Tomb:3   | Killed a royal mummy
 98999 | Tomb:3   | Killed a royal mummy
 99250 | Tomb:3   | Got a golden rune of Zot
 99508 | Tomb:3   | Identified the ring "Sesoq" {^Drain rF+ rC+ Dex+3}
 99513 | Tomb:3   | Identified the +0 swamp dragon scales "Vaqab" {^Drain *Slow
                  | +Inv rPois rN+++}
 99532 | Tomb:3   | Identified the +11 spear "Demonbane" {freeze, *Slow rC++
                  | rCorr Stlth+}
 99533 | Tomb:3   | Identified the +9 flail of Gozag's Castigation {vamp, rPois
                  | rCorr Str-2 Dex+6}
 99537 | Tomb:3   | Identified the +1 robe "Uleat" {rElec}
 99566 | Tomb:3   | Identified the +7 double sword "Orb Guardian's Death"
                  | {drain, rF+ rN+}
 99570 | Tomb:3   | Identified the +7 longbow of Fimm {freeze, rF+ rC+ Dex+4}
 99574 | Tomb:3   | Identified the staff of Dullness {rN+ Earth}
100237 | Zot:5    | Reached skill level 10 in Armour
100243 | Zot:5    | Found a transporter.
100342 | Zot:5    | Found a transporter.
100345 | Zot:5    | Found a transporter.
100398 | Zot:5    | Found a transporter.
100404 | Zot:5    | Found a transporter.
100411 | Zot:5    | Found a transporter.
100607 | Zot:5    | Noticed an ancient lich
100611 | Zot:5    | Killed an ancient lich
100629 | Zot:5    | Noticed an orb of fire
100633 | Zot:5    | Noticed an orb of fire
100638 | Zot:5    | Killed an orb of fire
100639 | Zot:5    | Killed an orb of fire
100904 | Zot:5    | Noticed an orb of fire
100904 | Zot:5    | Noticed an orb of fire
100904 | Zot:5    | Gained mutation: Your magical capacity is low. (-10% MP)
                  | [an orb of fire]
100921 | Zot:5    | Killed an orb of fire
101173 | Zot:5    | Killed an orb of fire
101185 | Zot:5    | Noticed an orb of fire
101191 | Zot:5    | Killed an orb of fire
101456 | Zot:5    | Noticed a dread lich
101465 | Zot:5    | Killed a dread lich
101526 | Zot:5    | Noticed a dread lich
101538 | Zot:5    | Noticed an orb of fire
101542 | Zot:5    | Killed a dread lich
101542 | Zot:5    | Killed an orb of fire
101630 | Zot:5    | Noticed a dread lich
101633 | Zot:5    | Killed a dread lich
101971 | Zot:5    | Got the Orb of Zot
102196 | Depths:2 | Noticed Syjaekh the pandemonium lord
102208 | Depths:2 | Killed Syjaekh the pandemonium lord
102464 | D:4      | Killed chugbro's ghost
102511 | D:2      | Noticed Mummigg the pandemonium lord
102585 | D:$      | Escaped with the Orb!

Illustrated notes

Levels and vault maps discovered:
D:1:      lemuel_arrival_broad_hall, layout_basic,
          hellmonk_ecumenical_altar_run_dry,
          hangedman_abyss_or_decor_lesser_grid, minivault_5,
          amcnicky_mini_pool_small
D:2:      layout_rooms, corexii_corridor_pit, hex_intersection, uniq_terence
D:3:      layout_basic, lemuel_tele_altar, st_stairs_7
D:4:      layout_basic, nicolae_hepliaklqana_monster_ancestors,
          gammafunk_ghost_grave, grunt_ministairs_9,
          nicolae_kite_square_tiling_tiny, sigmund_army, uniq_menkaure
D:5:      layout_basic, yredelemnul_altar_generic, nicolae_gozag_seed_capital,
          nicolae_ru_path_of_blood, amcnicky_mini_corridor_feature,
          minmay_fractal_squares_5
D:6:      layout_basic, minitemple, nicolae_overflow_crystal_walls,
          minmay_temple_entry_tees, serial_shops, shop, kennysheep_cross_room,
          minmay_large_rounded_square, kennysheep_generic_room_7
D:7:      layout_basic
D:8:      layout_loops_ring, grunt_lair_entry_orc_guard_hut, uniq_psyche
D:9:      layout_small_grid, okawaru_ov_weapons_minmay, lemuel_round_altar,
          mainiacjoe_overflow_alcove_2, hiddenorc1_lemuel, special_room
          [special_room_bee], kennysheep_just_a_vault, uniq_grum, uniq_joseph
D:10:     layout_long_grid, lemuel_coloured_pillars_altar, marbit_many_paths,
          mainiacjoe_overflow_alcove_1, trove_entry_hex_spiral,
          minmay_shop_mayhem, unseen_surprise_small
D:11:     layout_gridville, nicolae_shop_clearance, uniq_fannar
D:12:     layout_grid_maze, uniq_jorgrun
D:13:     minmay_two_paths, layout_layer_cave, david_vaults_2,
          nicolae_blasting_shop, uniq_kirke
D:14:     layout_roguey, serial_bayou_pond_e, uniq_snorg
D:15:     hangedman_depths_entry_civil_slaughter, layout_irregular_city,
          hangedman_decor_push
Temple:   hellmonk_temple_rainy
Lair:1:   layout_chaotic_city, chequers_serial_rivers_large_b,
          minmay_stone_trees_medium, minivault_23, grunt_megastairs_2,
          uniq_amaemon
Lair:2:   layout_roguey, elwin_shoals_entry_rocks
Lair:3:   layout_chaotic_city, alex1729_snake_entry_snake, uniq_sonja
Lair:4:   layout_cave_pods
Lair:5:   hellmonk_lair_end_abyssal_woods, layout_loops_ring,
          nicolae_slime_entry_field_trip, special_room
          [special_room_mythical_zoo], minivault_23, serial_bayou_pond_b,
          chequers_serial_rivers_marsh, serial_bayou_shore_b, uniq_urug
Shoals:1: layout_shoals, uniq_roxanne
Shoals:2: layout_shoals, serial_shops, shop_coins,
          nicolae_shoals_abyss_on_the_beach, uniq_polyphemus, uniq_frances,
          uniq_donald
Shoals:3: layout_shoals, ebering_ghost_rock_garden, argonaut_gorgonesque
Shoals:4: shoals_end_grunt_garden, layout_shoals, serial_shops,
          nicolae_shop_real_fake_doors, shop_coins, nicolae_shop_statue_plus,
          nicolae_shop_back_alley_shop, uniq_bai_suzhen, uniq_nikola,
          uniq_aizul, uniq_louise
Snake:1:  cheibrodos_forgotten_conduit, layout_grid_shapes, basic_altar,
          nicolae_snake_gridmaze_big_u
Snake:2:  nicolae_snake_crotalidae_crossing, layout_layer_cave,
          nicolae_shop_self_help, lemuel_fruit_tree, serial_bayou_shore_b
Snake:3:  layout_chambers, gammafunk_ghost_necromancy, st_stairs_5,
          grunt_megastairs_4, uniq_saint_roka
Snake:4:  grunt_snake_rune_serpentine_throne, layout_gridlike, serial_shops,
          nicolae_shop_tiny_statue_garden, uniq_agnes
Slime:1:  layout_caves
Slime:2:  layout_caves
Slime:3:  layout_caves
Slime:4:  layout_caves
Slime:5:  slime_pit
Orc:1:    layout_diamond_mine, basic_altar
Orc:2:    pf_orc_diabolical, layout_diamond_mine, nicolae_shop_gadgets,
          uniq_azrael
Elf:1:    layout_loops_corners, serial_shops, shop, mu_enter_wizlab_4,
          guppyfry_elf_altar, uniq_norris
Elf:2:    nicolae_elf_blades_crystal_corner, layout_geoelf_grid,
          portal_ice_cave_entry_ugly_swarm, minmay_misc_feat_alley, drop_trap
Elf:3:    minmay_elf_hall_spiked, layout_geoelf_octagon, minivault_23
Vaults:1: nicolae_vaults_double_plus_3, nicolae_vaults_closet_pinwheel_6,
          st_lattice, nicolae_vaults_tetromino_Z_1, hangedman_vaults_variations,
          hangedman_vaults_impose, hangedman_vaults_maws, v_rooms_4,
          vaults_dpeg_hooks, nicolae_vaults_storage_closets_1,
          layout_vaults_big_cross, serial_shops, shop
Vaults:2: nicolae_vaults_little_squares_4, minmay_crypt_entry_simple_corners,
          ontoclasm_vaults_eye, hangedman_vaults_restitches,
          ontoclasm_vaults_idyll, nicolae_vaults_house_2,
          nicolae_vaults_six-pack, v_misc_24, nicolae_vaults_sesquioval_fish,
          layout_vaults_big_room, serial_shops, shop
Vaults:3: portal_desolation_entry_garden, v_misc_27, hangedman_vaults_slice,
          hangedman_vaults_capsules, nicolae_vaults_gold_heap,
          nicolae_vaults_heart-shaped_vault, vaults_room_fours, v_misc_23,
          hangedman_vaults_unwind, ontoclasm_vaults_ring_small,
          nicolae_vaults_layer_cake_slice, vaults_dpeg_ring,
          nicolae_vaults_octothorpe, vaults_room_semicircle,
          layout_vaults_maze_snakey, serial_shops, nicolae_shop_hallway_plus
Vaults:4: vaults_dpeg_cross, vaults_room_glass_cross, v_rooms_4,
          nicolae_vaults_frosty_reception, hangedman_vaults_hat,
          vaults_room_corners, nicolae_vaults_hexular_roomagon,
          nicolae_vaults_cochlea, vaults_room_door_hall,
          nicolae_vaults_taking_the_gang_shopping, nicolae_vaults_double_plus_1,
          layout_vaults_omnigrid
Vaults:5
Crypt:1:  layout_misc_corridors, st_stairs_4, grunt_crypt_arrival_webbed,
          uniq_josephina
Crypt:2:  layout_misc_corridors, minmay_guarded_unrand_curses, lemuel_elevator,
          uniq_mennas, uniq_margery
Crypt:3:  lightli_unholy_cathedral, layout_chaotic_city,
          nicolae_tomb_entry_grand_gallery
Tomb:1:   uniq_khufu
Tomb:2
Tomb:3
Depths:1: minmay_the_grid_4x2 [minmay_the_grid_minigrid_medium,
          minmay_the_grid_all_tris, minmay_the_grid_armoury,
          minmay_the_grid_paths, minmay_the_grid_artifice, minmay_the_grid_x,
          minmay_the_grid_minigrid_small, minmay_the_grid_prize_big_room],
          layout_cave_pools, bloody_trog, hell_entry, pan_entry,
          hangedman_decor_slide_cut, guppyfry_shop_earth
Depths:2: dreamdust_under_siege, layout_cave_pools, grunt_mini_vestibule,
          nicolae_figureground_sparkle, rand_demon_pan_entry_3, abyss_entry,
          serial_shops, shop, zin_academy, infiniplex_staircase_zigzag_2
Depths:3: minmay_complete_graph, layout_basic, serial_bayou_ford_a,
          hangedman_coc_ice_floe, rand_demon_pan_entry_5, abyss_entry,
          kennysheep_path_1
Depths:4: evilmike_zot_entry_gauntlet, layout_cross, enter_ziggurat_c,
          pf_hell_entry_tar_river
Hell
Dis:1:    layout_gridville
Dis:2:    layout_regular_city
Dis:3:    layout_regular_city
Dis:4:    layout_gridville
Dis:5:    layout_subdivisions, glass_columns_a
Dis:6:    hangedman_dis_decor_blocks_talon, layout_overlapping_boxes,
          nicolae_hells_hurtin_island
Dis:7:    dis_grunt_layers
Geh:1:    layout_gehenna_lava_caves
Geh:2:    layout_gehenna_lava_caves
Geh:3:    layout_gehenna_pools_triple, nicolae_geh_isolated_escape
Geh:4:    layout_gehenna_lava_caves
Geh:5:    layout_gehenna_lava_caves
Geh:6:    layout_gehenna_lava_caves
Geh:7:    geh_grunt
Coc:1:    layout_ice_bergs, nicolae_coc_downstairs_cove
Coc:2:    layout_cocytus_water_paths
Coc:3:    layout_ice_bergs
Coc:4:    layout_cocytus_water_paths
Coc:5:    layout_cocytus_water_paths
Coc:6:    layout_ice_bergs
Coc:7:    coc_mu
Tar:1:    layout_grid_maze, nicolae_tar_grid_combs
Tar:2:    layout_cathedral_of_symmetry
Tar:3:    layout_catacombs, nicolae_tar_cuneiform_three, door_vault
Tar:4:    layout_catacombs
Tar:5:    layout_grid_maze, nicolae_hells_seeping_fissure
Tar:6:    layout_catacombs
Tar:7:    tar_mu [tar_mu_maze]
Zot:1:    layout_misc_corridors, uniq_parghit
Zot:2:    layout_gridlike, regret_index_zotdec_plus
Zot:3:    layout_gridlike
Zot:4:    layout_cellular_growth
Zot:5:    layout_misc_corridors, serial_nicolae_subway,
          nicolae_sub_station_stone, nicolae_sub_station_metal,
          nicolae_sub_station_crystal

Skill      XL: |  1  2  3  4  5  6  7  8  9 10 11 12 13 14 15 16 17 18 19 20 21 22 23 24 25 26 27 |
---------------+----------------------------------------------------------------------------------+-----
Conjurations   | 1 2 3 |  3.0
Spellcasting   | 3 4 5 6 8 10 12 13 14 15 16 17 18 19 20 21 22 23 27 | 27.0
Earth Magic    | 4 5 6 7 8 11 15 24 | 24.0
Fighting       | 2 3 6 7 9 12 27 | 27.0
Dodging        | 4 8 9 12 13 27 | 27.0
Evocations     | 3 5 15 | 15.0
Air Magic      | 4 7 9 11 13 14 15 | 15.3
Fire Magic     | 3 5 7 9 |  9.0
Alchemy        | 2 5 6 8 |  8.0
Ice Magic      | 3 7 10 11 13 15 16 18 19 20 23 24 | 24.1
Hexes          | 5 6 8 |  8.8
Shields        | 7 11 12 14 18 | 18.7
Armour         | 6 13 | 13.4
Translocations | 4 5 |  5.0
Stealth        | |  3.0

Action                     |  1- 3 |  4- 6 |  7- 9 | 10-12 | 13-15 | 16-18 | 19-21 | 22-24 | 25-27 || total
---------------------------+-------+-------+-------+-------+-------+-------+-------+-------+-------++-------
  Melee: Dagger            |     1 |     1 |    21 |    27 |       |       |       |       |       ||    50
         Bite              |       |       |     2 |     5 |       |       |     3 |     3 |    30 ||    43
         Trident           |       |       |       |     1 |     6 |       |     7 |     6 |     2 ||    22
         Staff             |       |       |       |       |       |       |     2 |     7 |    94 ||   103
   Cast: Sandblast         |    50 |   106 |     4 |    23 |       |       |       |       |       ||   183
         Stone Arrow       |       |     4 |   170 |   388 |   453 |   193 |   109 |   134 |   348 ||  1799
         Passwall          |       |       |       |     3 |       |       |       |       |     6 ||     9
         Petrify           |       |       |       |     2 |       |       |       |       |       ||     2
         Plasma Beam       |       |       |       |     8 |   209 |   311 |   254 |   191 |   422 ||  1395
         Irradiate         |       |       |       |       |    11 |    33 |    34 |    33 |   152 ||   263
         Freezing Cloud    |       |       |       |       |    25 |    27 |     2 |     1 |       ||    55
         Fireball          |       |       |       |       |     4 |    14 |     5 |    26 |     5 ||    54
         Ozocubu's Refrige |       |       |       |       |       |   146 |   116 |   124 |    40 ||   426
         Maxwell's Capacit |       |       |       |       |       |     8 |       |    23 |   236 ||   267
         Metabolic Englaci |       |       |       |       |       |     1 |     1 |       |       ||     2
         Polar Vortex      |       |       |       |       |       |       |       |    10 |   437 ||   447
         Shatter           |       |       |       |       |       |       |       |       |   308 ||   308
         Bombard           |       |       |       |       |       |       |       |       |   276 ||   276
         Iskenderun's Myst |       |       |       |       |       |       |       |       |    19 ||    19
         Apportation       |       |       |       |       |       |       |       |       |     7 ||     7
         Blink             |       |       |       |       |       |       |       |       |     1 ||     1
Ability: Exsanguinate      |       |       |       |       |       |     1 |       |       |       ||     1
  Evoke: Wand              |       |       |       |       |       |     2 |    10 |     3 |       ||    15
         Sack of spiders   |       |       |       |       |       |       |     1 |       |       ||     1
         Lightning rod     |       |       |       |       |       |       |     1 |     7 |       ||     8
         Phantom mirror    |       |       |       |       |       |       |     1 |       |       ||     1
    Use: Potion            |     1 |       |       |       |       |     1 |     9 |     3 |    34 ||    48
         Scroll            |       |       |       |    21 |     6 |     5 |     1 |     3 |    31 ||    67
   Stab: Petrified         |       |       |       |     4 |       |       |       |       |       ||     4
         Petrifying        |       |       |       |     1 |       |       |       |       |       ||     1
 Armour: Robe              |    11 |    31 |    33 |       |    45 |   152 |    80 |    44 |       ||   396
         Steam dragon scal |       |       |    20 |   132 |    70 |       |       |       |       ||   222
         Acid dragon scale |       |       |       |       |       |       |       |    47 |       ||    47
         Ring mail         |       |       |       |       |       |       |       |    29 |  1016 ||  1045
  Dodge: Dodged            |    13 |    42 |    48 |   249 |   153 |   184 |    75 |   109 |  1034 ||  1907
  Block: Kite shield       |       |       |       |       |       |     7 |   106 |   134 |  1302 ||  1549

Table legend: (Time is in decaauts)
 A = Elapsed time spent in this place.
 B = Non-inter-level travel time spent in this place.
 C = Inter-level travel time spent in this place.
 D = Time resting spent in this place.
 E = Time spent auto-exploring this place.
 F = Levels seen in this place.
 G = Mean time per level.
                   A        B        C        D        E       F      G
               +--------+--------+--------+--------+--------+-----+--------+
         Total | 103107 |  94969 |   8138 |   3457 |  70588 | 115 |  896.6 |
       Dungeon |  16827 |  15113 |   1714 |    132 |  12197 |  15 | 1121.8 |
        Temple |     20 |     11 |      9 |      0 |      0 |   1 |   20.0 |
          Lair |   7082 |   6214 |    868 |     21 |   5115 |   5 | 1416.4 |
        Shoals |   5305 |   4896 |    409 |    352 |   3771 |   4 | 1326.2 |
     Snake Pit |   8742 |   8168 |    574 |     29 |   6918 |   4 | 2185.5 |
    Slime Pits |    947 |    879 |     68 |    229 |    280 |   5 |  189.4 |
  Orcish Mines |   2466 |   2207 |    259 |    266 |   1314 |   2 | 1233.0 |
   Elven Halls |   3227 |   3029 |    198 |    105 |   2254 |   3 | 1075.7 |
        Vaults |   9101 |   7834 |   1267 |    336 |   5982 |   5 | 1820.2 |
         Crypt |   4624 |   4270 |    354 |    186 |   3241 |   3 | 1541.3 |
          Tomb |   3059 |   2761 |    298 |    146 |   1751 |   3 | 1019.7 |
        Depths |   7358 |   6299 |   1059 |     42 |   5058 |   4 | 1839.5 |
          Hell |    791 |    635 |    156 |      0 |    548 |   1 |  791.0 |
           Dis |   2986 |   2877 |    109 |     24 |   2207 |   7 |  426.6 |
       Gehenna |   3614 |   3471 |    143 |     69 |   2689 |   7 |  516.3 |
       Cocytus |   2044 |   2018 |     26 |    511 |    776 |   7 |  292.0 |
      Tartarus |   3062 |   2792 |    270 |     32 |   2165 |   7 |  437.4 |
           Zot |   5560 |   5208 |    352 |    311 |   3918 |   5 | 1112.0 |
         Abyss |    375 |    375 |      0 |      0 |    208 |   4 |   93.8 |
   Pandemonium |  11847 |  11847 |      0 |    392 |   7579 |  20 |  592.3 |
      Ice Cave |   1142 |   1142 |      0 |      0 |    792 |   1 | 1142.0 |
        Wizlab |   1088 |   1088 |      0 |     27 |    733 |   1 | 1088.0 |
    Desolation |   1829 |   1829 |      0 |    246 |   1090 |   1 | 1829.0 |
               +--------+--------+--------+--------+--------+-----+--------+

Top non-repeatable levels by time:
 Snake:2: 2764 daAuts
 Snake:4: 2436 daAuts
Depths:3: 2398 daAuts
 Snake:3: 2360 daAuts
Vaults:4: 2287 daAuts
Vaults:1: 2080 daAuts
  Tomb:1: 2037 daAuts
  Lair:5: 1990 daAuts
 Crypt:3: 1973 daAuts
Shoals:3: 1951 daAuts
   Geh:7: 1916 daAuts
   Orc:2: 1855 daAuts
Vaults:2: 1830 daAuts
Desolation: 1829 daAuts
    D:13: 1802 daAuts
